 Dungeon Crawl Stone Soup version 0.25-a0-62-g88673ef095 (console) character file.

Game seed: 8818711419322438340, levelgen mode: deterministic

4 utis the Cudgeler (level 1, -1/12 HPs)
             Began as a Tengu Wanderer on Oct 29, 2019.
             Slain by a leopard gecko (3 damage)
             ... on level 1 of the Dungeon.
             The game lasted 00:01:56 (236 turns).

utis the Cudgeler (Tengu Wanderer)                   Turns: 236, Time: 00:01:56

Health: -1/12      AC:  2    Str: 14    XL:     1   Next: 60%
Magic:  3/3        EV: 11    Int: 11    God:
Gold:   20         SH:  0    Dex: 12    Spells: 2/2 levels left

rFire    . . .     SeeInvis .   a - +2 mace
rCold    . . .     Gourm    .   (no shield)
rNeg     . . .     Faith    .   d - +0 robe
rPois    .         Spirit   .   (helmet restricted)
rElec    .         Reflect  .   (no cloak)
rCorr    .         Harm     .   (no gloves)
MR       .....                  (boots unavailable)
Stlth    +.........             (no amulet)
HPRegen  0.04/turn              (no ring)
MPRegen  0.08/turn              (no ring)

@: no status effects
A: beak, talons 3
a: no special abilities


You were on level 1 of the Dungeon.
You were not hungry.

You visited 1 branch of the dungeon, and saw 1 of its levels.

You collected 20 gold pieces.

Inventory:

Hand Weapons
 a - a +2 mace (weapon)
Armour
 d - a +0 robe (worn)
Wands
 c - a wand of random effects (15)
Potions
 e - a potion of berserk rage {unknown}
Comestibles
 b - 6 chunks of flesh
 f - a ration {@e1}


   Skills:
 - Level 2.0 Fighting
 + Level 2.4 Maces & Flails
 - Level 1.0 Throwing
 - Level 1.1 Armour
 + Level 0.7 Dodging
 - Level 1.0 Spellcasting
   Level 2.1 Necromancy
 - Level 1.0 Evocations


You had 2 spell levels left.
You didn't know any spells.
Your spell library contained the following spells:

 Spells                   Type           Power        Failure   Level  Hunger
 Corpse Rot               Necr           N/A          21%         2    ###....
 Sublimation of Blood     Necr           #.........   21%         2    ###....


Dungeon Overview and Level Annotations

Branches:
Dungeon (1/15)

Altars:


Innate Abilities, Weirdness & Mutations

You have a beak for a mouth.
You have claws for feet.


Message History

The leopard gecko hisses angrily.
You start waiting.
The leopard gecko is too close now for your liking.
The leopard gecko bites you.
You closely miss the leopard gecko. Your kick misses the leopard gecko.
The leopard gecko bites you.
* * * LOW HITPOINT WARNING * * *
You completely miss the leopard gecko. Your peck misses the leopard gecko.
The leopard gecko bites you but does no damage.
You miss the leopard gecko. Your kick misses the leopard gecko.
The leopard gecko bites you.
* * * LOW HITPOINT WARNING * * *
The leopard gecko bites you.
* * * LOW HITPOINT WARNING * * *
You barely miss the leopard gecko. The leopard gecko barely misses you.
You hit the leopard gecko. You claw the leopard gecko.
The leopard gecko is almost dead.
The leopard gecko completely misses you.
The leopard gecko bites you.
You die...

.░....░░░'░░'░░ ░...░
░░░░'░░░..░...░░░░...░
.░...░<'..░...░░.....░
.░...░░░░░░...░░.░...░░░░░
.░.....░......░░.░.......░
.░.....░......░....░░░░░.░
.░.....'......░░.░.......░░░░░
.░░░░░░░░░░░░░░░l░.░░........░
.......░ ░.░ ░Q░÷░░.░░.░░░.░
.......░░░░.░░░░.........░ ░)░
.......'.......░░░..░░░░.░ ░.░
░░░░░░░░)░░.░..░ ░..░░░░.░ ░.░
░........░░░.......░ ░>░
░..░░.░..░░.....░░░░ ░.░
░..░░÷░..░░.....░ ░.░
░..░..░..░░....>░ ░.░
░........░░.....░ ░.░


You could see a leopard gecko.

Vanquished Creatures
  A frilled lizard (D:1)
  2 goblins (D:1)
  A kobold (D:1)
  2 rats (D:1)
6 creatures vanquished.

Notes
Turn   | Place    | Note
-------+----------+-------------------------------------------
     0 | D:1      | utis the Tengu Wanderer began the quest for the Orb.
     0 | D:1      | utis set off with the following items: a +2 mace, a wand of
                  | random effects (15), a +0 robe, a ration {@e1}; and the
                  | following spells available to memorise: Corpse Rot,
                  | Sublimation of Blood
     0 | D:1      | Reached XP level 1. HP: 12/12 MP: 3/3
     0 | D:1      | huh?
   236 | D:1      | Slain by a leopard gecko

Levels and vault maps discovered:
D:1:      minmay_arrival_widening_spiral_wide, layout_loops_cross

Action                   || total
-------------------------++-------
Melee: Mace              ||    15
       Kick              ||     2
 Stab: Sleeping          ||     1
Armor: Robe              ||     1
Dodge: Dodged            ||     6

Table legend:
 A = Non-vault XP
 B = Vault XP
 C = Vault XP percentage of total XP
 D = Non-vault monster count
 E = Vault monster count
 F = Vault count percentage of total count
                 A         B        C        D         E       F
            +---------+---------+-------+---------+---------+-------
      Total |       6 |       0 |   0.0 |       6 |       0 |   0.0
            +---------+---------+-------+---------+---------+-------
        D:1 |       6 |       0 |   0.0 |       6 |       0 |   0.0
            +---------+---------+-------+---------+---------+-------
